| TOP OF THE 1ST |
|
Hamilton Cardinals batting - Pitching for Southern Maryland Blue Crabs : RHP Safe-eldin Enobakhare
|
|
Pitching: RHP Safe-eldin Enobakhare
|
|
|
Batting: RHB Jonathan Winkler
|
0-0: Ball 1-0: Ball 2-0: Ground out 6-3 (Groundball, 6, EV 101.2 MPH)
|
|
Batting: RHB Dan Wages
|
0-0: Ball 1-0: Ball 2-0: Ground out U3 (Groundball, 34, EV 81.9 MPH)
|
|
Batting: LHB Pete Mitchell
|
0-0: Ball 1-0: Foul Ball, location: 2F 1-1: Swinging Strike 1-2: Ball 2-2: Strikes out swinging
|
| Top of the 1st over - 0 runs, 0 hits, 0 errors, 0 left on base; Hamilton 0 - Southern Maryland 0 |
| BOTTOM OF THE 1ST |
|
Southern Maryland Blue Crabs batting - Pitching for Hamilton Cardinals : RHP Corey Shelton
|
|
Pitching: RHP Corey Shelton
|
|
|
Batting: LHB Stu Proulx
|
0-0: Ball 1-0: Ball 2-0: Ball 3-0: Called Strike 3-1: Foul Ball, location: 2F 3-2: SINGLE (Groundball, 6MD, EV 99.4 MPH)
|
|
Batting: RHB Adam Beal
|
0-0: Ball 1-0: Ball 2-0: Swinging Strike 2-1: Foul Ball, location: 2F 2-2: Foul Ball, location: 2F 2-2: Fly out, F7 (Flyball, 78D, EV 88.8 MPH)
|
|
Batting: LHB Sam Hontz
|
0-0: Ball 1-0: Ball 2-0: Ball 3-0: Base on Balls Stu Proulx to second
|
|
Batting: RHB Josh Ludwig
|
0-0: Foul Ball, location: 2F 0-1: Ball 1-1: Ball 2-1: Called Strike 2-2: Foul Ball, location: 2F 2-2: Strikes out swinging
|
|
Batting: SHB John Hiles
|
0-0: Called Strike 0-1: Ball 1-1: Fly out, F9 (Flyball, 89D, EV 103.1 MPH)
|
| Bottom of the 1st over - 0 runs, 1 hit, 0 errors, 2 left on base; Hamilton 0 - Southern Maryland 0 |
| TOP OF THE 2ND |
|
Hamilton Cardinals batting - Pitching for Southern Maryland Blue Crabs : RHP Safe-eldin Enobakhare
|
|
Batting: RHB Kyle Franken
|
0-0: Called Strike 0-1: Foul Ball, location: 2F 0-2: Foul Ball, location: 2F 0-2: Foul Ball, location: 2F 0-2: Foul Ball, location: 2F 0-2: DOUBLE (Line Drive, 9LM, EV 104.4 MPH)
|
|
Batting: SHB Kelly Brooks
|
0-0: Foul Ball, location: 2F 0-1: Ball 1-1: 2-RUN HOME RUN (Flyball, 89XD, EV 108.8 MPH), Distance : 430 ft
|
|
Batting: LHB Rafael Banda
|
0-0: Called Strike 0-1: Swinging Strike 0-2: Strikes out looking
|
|
Batting: RHB Diego Herrera
|
0-0: Ball 1-0: Called Strike 1-1: Foul Ball, location: 2F 1-2: Foul Ball, location: 2F 1-2: Foul Ball, location: 2F 1-2: Strikes out swinging
|
|
Batting: SHB Felipe Campanella
|
0-0: Swinging Strike 0-1: Foul Ball, location: 2F 0-2: Ball 1-2: Foul Ball, location: 2F 1-2: Ball 2-2: Ball 3-2: Strikes out looking
|
| Top of the 2nd over - 2 runs, 2 hits, 0 errors, 0 left on base; Hamilton 2 - Southern Maryland 0 |
| BOTTOM OF THE 2ND |
|
Southern Maryland Blue Crabs batting - Pitching for Hamilton Cardinals : RHP Corey Shelton
|
|
Batting: LHB Taylor Plummer
|
0-0: Called Strike 0-1: Ball 1-1: SINGLE (Flyball, 6MD, EV 85.0 MPH)
|
|
Batting: RHB Sam Parra
|
0-0: Ball 1-0: Ball 2-0: Ball 3-0: Called Strike 3-1: Fly out, F8 (Flyball, 89D, EV 105.0 MPH)
|
|
Batting: RHB Willie Carmona
|
0-0: Ball 1-0: Foul Ball, location: 2F 1-1: Called Strike 1-2: Strikes out swinging
|
|
Batting: RHB David Gomez
|
0-0: Called Strike 0-1: Fly out, F9 (Flyball, 89D, EV 83.8 MPH)
|
| Bottom of the 2nd over - 0 runs, 1 hit, 0 errors, 1 left on base; Hamilton 2 - Southern Maryland 0 |
| TOP OF THE 3RD |
|
Hamilton Cardinals batting - Pitching for Southern Maryland Blue Crabs : RHP Safe-eldin Enobakhare
|
|
Batting: RHB Oscar Higareda
|
0-0: Foul Ball, location: 2F 0-1: Ball 1-1: Swinging Strike 1-2: Foul Ball, location: 2F 1-2: Ball 2-2: Strikes out swinging
|
|
Batting: RHB Jonathan Winkler
|
0-0: Foul Ball, location: 2F 0-1: Foul Ball, location: 2F 0-2: Ball 1-2: DOUBLE (Line Drive, 89D, EV 107.5 MPH)
|
|
Batting: RHB Dan Wages
|
0-0: Ball 1-0: Called Strike 1-1: Fly out, F8 (Flyball, 78M, EV 91.2 MPH)
|
|
Batting: LHB Pete Mitchell
|
0-0: Swinging Strike 0-1: Foul Ball, location: 2F 0-2: Strikes out swinging
|
| Top of the 3rd over - 0 runs, 1 hit, 0 errors, 1 left on base; Hamilton 2 - Southern Maryland 0 |
| BOTTOM OF THE 3RD |
|
Southern Maryland Blue Crabs batting - Pitching for Hamilton Cardinals : RHP Corey Shelton
|
|
Batting: LHB Stu Proulx
|
0-0: Called Strike 0-1: Swinging Strike 0-2: Ball 1-2: Foul Ball, location: 2F 1-2: Strikes out looking
|
|
Batting: RHB Adam Beal
|
0-0: Called Strike 0-1: Ball 1-1: Ball 2-1: DOUBLE (Flyball, 8RXD, EV 115.0 MPH)
|
|
Batting: LHB Sam Hontz
|
0-0: Swinging Strike 0-1: Ball 1-1: Ball 2-1: Ball 3-1: DOUBLE (Line Drive, 7LS, EV 110.0 MPH) Adam Beal scores
|
|
Batting: RHB Josh Ludwig
|
0-0: Called Strike 0-1: Ball 1-1: Foul Ball, location: 2F 1-2: Ball 2-2: Ball 3-2: Strikes out swinging
|
|
Batting: SHB John Hiles
|
0-0: Called Strike 0-1: Ball 1-1: Ball 2-1: Called Strike 2-2: Ball 3-2: Base on Balls
|
|
Batting: LHB Taylor Plummer
|
0-0: Ball 1-0: Ball 2-0: Called Strike 2-1: Ball 3-1: Base on Balls Sam Hontz to third John Hiles to second
|
|
Batting: RHB Sam Parra
|
0-0: Ball 1-0: Fly out, F3 (Line Drive, 3, EV 76.9 MPH)
|
| Bottom of the 3rd over - 1 run, 2 hits, 0 errors, 3 left on base; Hamilton 2 - Southern Maryland 1 |
| TOP OF THE 4TH |
|
Hamilton Cardinals batting - Pitching for Southern Maryland Blue Crabs : RHP Safe-eldin Enobakhare
|
|
Batting: RHB Kyle Franken
|
0-0: Called Strike 0-1: Foul Ball, location: 2F 0-2: Ball 1-2: Ball 2-2: Ball 3-2: Fly out, F8 (Flyball, 89D, EV 87.5 MPH)
|
|
Batting: SHB Kelly Brooks
|
0-0: Called Strike 0-1: Foul Ball, location: 2F 0-2: Foul Ball, location: 2F 0-2: Ball 1-2: Hit by Pitch
|
|
Batting: LHB Rafael Banda
|
0-0: Ball 1-0: Ball 2-0: Ball 3-0: Called Strike 3-1: 2-RUN HOME RUN (Flyball, 9D, EV 99.4 MPH), Distance : 392 ft
|
|
Batting: RHB Diego Herrera
|
0-0: Foul Ball, location: 2F 0-1: SINGLE (Line Drive, 34D, EV 99.4 MPH)
|
|
Batting: SHB Felipe Campanella
|
0-0: Ball 1-0: Ball 2-0: Swinging Strike 2-1: Ball 3-1: Swinging Strike 3-2: Strikes out swinging
|
|
Batting: RHB Oscar Higareda
|
0-0: Ball 1-0: Ball Wild Pitch! Diego Herrera to second 2-0: Called Strike 2-1: Called Strike 2-2: Strikes out swinging, 2-3 out at first.
|
| Top of the 4th over - 2 runs, 2 hits, 0 errors, 1 left on base; Hamilton 4 - Southern Maryland 1 |
| BOTTOM OF THE 4TH |
|
Southern Maryland Blue Crabs batting - Pitching for Hamilton Cardinals : RHP Corey Shelton
|
|
Batting: RHB Willie Carmona
|
0-0: Ball 1-0: Ball 2-0: Called Strike 2-1: Called Strike 2-2: Strikes out swinging
|
|
Pitching: RHP John Garrote
|
|
|
Batting: RHB David Gomez
|
0-0: Ball 1-0: Swinging Strike 1-1: Reached on error, E3 (Groundball, 34, EV 103.1 MPH)
|
|
Batting: LHB Stu Proulx
|
0-0: Ball 1-0: Called Strike 1-1: Fielders Choice at 2nd, 4-6 (Groundball, 34, EV 83.1 MPH)
|
|
Batting: RHB Adam Beal
|
0-0: Ball 1-0: Foul Ball, location: 2F 1-1: Fly out, F8 (Flyball, 8RD, EV 105.0 MPH)
|
| Bottom of the 4th over - 0 runs, 0 hits, 1 error, 1 left on base; Hamilton 4 - Southern Maryland 1 |
| TOP OF THE 5TH |
|
Hamilton Cardinals batting - Pitching for Southern Maryland Blue Crabs : RHP Safe-eldin Enobakhare
|
|
Batting: RHB Jonathan Winkler
|
0-0: Called Strike 0-1: Called Strike 0-2: Ball 1-2: SINGLE (Line Drive, 4M, EV 100.6 MPH)
|
|
Batting: RHB Dan Wages
|
0-0: Swinging Strike 0-1: Ball 1-1: Ball 2-1: Swinging Strike 2-2: Ball 3-2: Strikes out swinging
|
|
Batting: LHB Pete Mitchell
|
0-0: Ball 1-0: Swinging Strike 1-1: Swinging Strike 1-2: Foul Ball, location: 2F 1-2: Ball 2-2: Strikes out looking
|
|
Batting: RHB Kyle Franken
|
0-0: Foul Ball, location: 2F 0-1: Ball 1-1: Foul Ball, location: 2F 1-2: Ball 2-2: Strikes out swinging
|
| Top of the 5th over - 0 runs, 1 hit, 0 errors, 1 left on base; Hamilton 4 - Southern Maryland 1 |
| BOTTOM OF THE 5TH |
|
Southern Maryland Blue Crabs batting - Pitching for Hamilton Cardinals : RHP John Garrote
|
|
Batting: LHB Sam Hontz
|
0-0: Foul Ball, location: 2F 0-1: Ground out 5-3 (Groundball, 56, EV 89.4 MPH)
|
|
Batting: RHB Josh Ludwig
|
0-0: Ball 1-0: Swinging Strike 1-1: Foul Ball, location: 2F 1-2: Ball 2-2: Foul Ball, location: 2F 2-2: Ball 3-2: Ground out 4-3 (Groundball, 34, EV 87.5 MPH)
|
|
Batting: SHB John Hiles
|
0-0: Fly out, F6 (Popup, 56D, EV 52.5 MPH)
|
| Bottom of the 5th over - 0 runs, 0 hits, 0 errors, 0 left on base; Hamilton 4 - Southern Maryland 1 |
| TOP OF THE 6TH |
|
Hamilton Cardinals batting - Pitching for Southern Maryland Blue Crabs : RHP Safe-eldin Enobakhare
|
|
Pitching: LHP Gilberto Lugo
|
|
|
Batting: SHB Kelly Brooks
|
0-0: Fly out, F7 (Line Drive, 7, EV 100.6 MPH)
|
|
Batting: LHB Rafael Banda
|
0-0: Ball 1-0: Ground out 4-3 (Groundball, 4M, EV 85.6 MPH)
|
|
Batting: RHB Diego Herrera
|
0-0: Ball 1-0: Ball 2-0: Fly out, F8 (Flyball, 89M, EV 95.0 MPH)
|
| Top of the 6th over - 0 runs, 0 hits, 0 errors, 0 left on base; Hamilton 4 - Southern Maryland 1 |
| BOTTOM OF THE 6TH |
|
Southern Maryland Blue Crabs batting - Pitching for Hamilton Cardinals : RHP John Garrote
|
|
Batting: LHB Taylor Plummer
|
0-0: Ball 1-0: Called Strike 1-1: Ball 2-1: Foul Ball, location: 2F 2-2: Ball 3-2: Base on Balls
|
|
Batting: RHB Sam Parra
|
0-0: Ball 1-0: Ball 2-0: Swinging Strike 2-1: Called Strike 2-2: Foul Ball, location: 2F 2-2: Foul Ball, location: 2F 2-2: Reached on error, E6 (Groundball, 6, EV 88.1 MPH) Taylor Plummer to second
|
|
Batting: RHB Willie Carmona
|
0-0: Ball 1-0: Fly out, F9 (Flyball, 89D, EV 88.8 MPH)
|
|
Batting: RHB David Gomez
|
0-0: Called Strike 0-1: SINGLE (Line Drive, 34D, EV 104.4 MPH) Taylor Plummer to third Sam Parra to second Runner from 3rd tries for Home, throw by RF and OUT! 9-2 Sam Parra to third David Gomez to second
|
|
Batting: LHB Stu Proulx
|
0-0: Ball 1-0: Foul Ball, location: 2F 1-1: SINGLE (Line Drive, 9S, EV 107.5 MPH) Sam Parra scores David Gomez to third
|
|
Batting: RHB Adam Beal
|
0-0: Called Strike Stu Proulx is caught stealing 2nd base 2-4
|
| Bottom of the 6th over - 1 run, 2 hits, 1 error, 1 left on base; Hamilton 4 - Southern Maryland 2 |
| TOP OF THE 7TH |
|
Hamilton Cardinals batting - Pitching for Southern Maryland Blue Crabs : LHP Gilberto Lugo
|
|
Batting: SHB Felipe Campanella
|
0-0: Foul Ball, location: 2F 0-1: Called Strike 0-2: Ball 1-2: Ball 2-2: Strikes out swinging
|
|
Batting: RHB Oscar Higareda
|
0-0: Called Strike 0-1: Ball 1-1: Fly out, F9 (Flyball, 9, EV 99.4 MPH)
|
|
Batting: RHB Jonathan Winkler
|
0-0: Ball 1-0: Ball 2-0: Foul Ball, location: 2F 2-1: Swinging Strike 2-2: Ball 3-2: Strikes out looking
|
| Top of the 7th over - 0 runs, 0 hits, 0 errors, 0 left on base; Hamilton 4 - Southern Maryland 2 |
| BOTTOM OF THE 7TH |
|
Southern Maryland Blue Crabs batting - Pitching for Hamilton Cardinals : RHP John Garrote
|
|
Batting: RHB Adam Beal
|
0-0: Ball 1-0: Ball 2-0: Ball 3-0: Called Strike 3-1: Base on Balls
|
|
Batting: LHB Sam Hontz
|
0-0: SINGLE (Groundball, 34D, EV 103.1 MPH) Adam Beal to second Runner from 2nd tries for 3rd, SAFE, throw by RF made to third
|
|
Batting: RHB Josh Ludwig
|
0-0: Called Strike 0-1: Fly out, F8 (Flyball, 8LD, EV 97.5 MPH) Runner from 3rd tags up, SCORES, throw by CF
|
|
Batting: SHB John Hiles
|
0-0: Called Strike 0-1: Swinging Strike 0-2: Fly out, F8 (Flyball, 89D, EV 91.9 MPH)
|
|
Batting: LHB Taylor Plummer
|
0-0: Ball Sam Hontz steals 2nd base 1-0: Ball Wild Pitch! Sam Hontz to third 2-0: Swinging Strike 2-1: Ball 3-1: Base on Balls
|
|
Pitching: RHP Mark Rivera
|
|
|
Batting: RHB Sam Parra
|
0-0: Called Strike 0-1: Ball 1-1: Foul Ball, location: 2F 1-2: Strikes out swinging
|
| Bottom of the 7th over - 1 run, 1 hit, 0 errors, 2 left on base; Hamilton 4 - Southern Maryland 3 |
| TOP OF THE 8TH |
|
Hamilton Cardinals batting - Pitching for Southern Maryland Blue Crabs : LHP Gilberto Lugo
|
|
Batting: RHB Dan Wages
|
0-0: Called Strike 0-1: DOUBLE (Line Drive, 7LM, EV 95.6 MPH)
|
|
Batting: LHB Pete Mitchell
|
0-0: Called Strike 0-1: DOUBLE (Line Drive, 89D, EV 108.1 MPH) Dan Wages scores
|
|
Batting: RHB Kyle Franken
|
0-0: Intentional Walk
|
|
Batting: SHB Kelly Brooks
|
0-0: Ball 1-0: Ball 2-0: Called Strike 2-1: Fly out, F9 (Line Drive, 89M, EV 96.9 MPH)
|
|
Pitching: LHP Oliver Troiano
|
|
|
Batting: LHB Rafael Banda
|
0-0: Ball 1-0: Ball 2-0: Called Strike 2-1: Grounds into double play, 3-6-3 (Groundball, 34, EV 104.4 MPH)
|
| Top of the 8th over - 1 run, 2 hits, 0 errors, 1 left on base; Hamilton 5 - Southern Maryland 3 |
| BOTTOM OF THE 8TH |
|
Southern Maryland Blue Crabs batting - Pitching for Hamilton Cardinals : RHP Mark Rivera
|
|
Batting: RHB Willie Carmona
|
0-0: SINGLE (Groundball, 6, EV 105.0 MPH)
|
|
Batting: RHB David Gomez
|
0-0: Ball 1-0: Called Strike 1-1: Ball 2-1: Foul Ball, location: 2F 2-2: Ball 3-2: Fly out, F8 (Flyball, 8LD, EV 106.2 MPH)
|
|
Batting: LHB Stu Proulx
|
0-0: Ball 1-0: Swinging Strike 1-1: Foul Ball, location: 2F 1-2: Strikes out swinging
|
|
Batting: RHB Adam Beal
|
0-0: Called Strike 0-1: SINGLE (Flyball, 4MD, EV 89.4 MPH) Willie Carmona to second
|
|
Batting: LHB Sam Hontz
|
0-0: Called Strike 0-1: Called Strike 0-2: Strikes out swinging
|
| Bottom of the 8th over - 0 runs, 2 hits, 0 errors, 2 left on base; Hamilton 5 - Southern Maryland 3 |
| TOP OF THE 9TH |
|
Hamilton Cardinals batting - Pitching for Southern Maryland Blue Crabs : LHP Oliver Troiano
|
|
Pinch Hitting: RHB Matt Shaw
|
0-0: Ball 1-0: Called Strike 1-1: Ball 2-1: Foul Ball, location: 2F 2-2: Ball 3-2: Fly out, F9 (Flyball, 9S, EV 88.8 MPH)
|
|
Batting: SHB Felipe Campanella
|
0-0: Called Strike 0-1: Ground out 6-3 (Groundball, 6, EV 106.9 MPH)
|
|
Pinch Hitting: RHB Pablo Nunez
|
0-0: SINGLE (Line Drive, 7S, EV 104.4 MPH)
|
|
Batting: RHB Jonathan Winkler
|
0-0: SINGLE (Line Drive, 78M, EV 93.1 MPH) Pablo Nunez to second
|
|
Batting: RHB Dan Wages
|
0-0: Foul Ball, location: 2F 0-1: Ground out 5-3 (Groundball, 56S, EV 85.0 MPH)
|
| Top of the 9th over - 0 runs, 2 hits, 0 errors, 2 left on base; Hamilton 5 - Southern Maryland 3 |
| BOTTOM OF THE 9TH |
|
Southern Maryland Blue Crabs batting - Pitching for Hamilton Cardinals : RHP Mark Rivera
|
|
Pitching: LHP Craig Soole
|
|
|
Now at 1B: Seung-kab Park
|
|
|
Now at 2B: Dan Wages
|
|
|
Now at SS: Juan Carrillo
|
|
|
Batting: RHB Josh Ludwig
|
0-0: Called Strike 0-1: Ball 1-1: Called Strike 1-2: Ball 2-2: Foul Ball, location: 2F 2-2: Strikes out swinging
|
|
Batting: RHB Mike King
|
0-0: Called Strike 0-1: Called Strike 0-2: Ball 1-2: Strikes out swinging
|
|
Batting: LHB Taylor Plummer
|
0-0: Ball 1-0: Ball 2-0: SINGLE (Flyball, 9LS, EV 88.1 MPH)
|
|
Pinch Hitting: RHB Jeff Parlo
|
0-0: 2-RUN HOME RUN (Line Drive, 89XD, EV 115.6 MPH), Distance : 426 ft
|
|
Batting: RHB Willie Carmona
|
0-0: Called Strike 0-1: Swinging Strike 0-2: Strikes out swinging
|
| Bottom of the 9th over - 2 runs, 2 hits, 0 errors, 0 left on base; Hamilton 5 - Southern Maryland 5 |
| TOP OF THE 10TH |
|
Hamilton Cardinals batting - Pitching for Southern Maryland Blue Crabs : LHP Oliver Troiano
|
|
Now at 2B: Sam Hontz
|
|
|
Now at SS: Eddie Morin
|
|
|
Batting: LHB Pete Mitchell
|
0-0: Called Strike 0-1: SOLO HOME RUN (Flyball, 9D, EV 96.9 MPH), Distance : 378 ft
|
|
Batting: RHB Kyle Franken
|
0-0: Ball 1-0: Called Strike 1-1: Ball 2-1: Foul Ball, location: 2F 2-2: Ball 3-2: Ground out 4-3 (Groundball, 4, EV 79.4 MPH)
|
|
Batting: SHB Kelly Brooks
|
0-0: Ground out 4-3 (Groundball, 4MD, EV 83.8 MPH)
|
|
Batting: LHB Rafael Banda
|
0-0: Foul Ball, location: 2F 0-1: Called Strike 0-2: Strikes out swinging
|
| Top of the 10th over - 1 run, 1 hit, 0 errors, 0 left on base; Hamilton 6 - Southern Maryland 5 |
| BOTTOM OF THE 10TH |
|
Southern Maryland Blue Crabs batting - Pitching for Hamilton Cardinals : LHP Craig Soole
|
|
Pinch Hitting: RHB Tyler Cohen
|
0-0: Called Strike 0-1: Foul Ball, location: 2F 0-2: Ball 1-2: Strikes out looking
|
|
Batting: LHB Stu Proulx
|
0-0: Called Strike 0-1: Ball 1-1: Foul Ball, location: 2F 1-2: Ball 2-2: Ball 3-2: Base on Balls
|
|
Batting: RHB Adam Beal
|
Pickoff Throw to First - Out! 1-3 0-0: Foul Ball, location: 2F 0-1: Foul Ball, location: 2F 0-2: Strikes out swinging
|
| Bottom of the 10th over - 0 runs, 0 hits, 0 errors, 0 left on base; Hamilton 6 - Southern Maryland 5 |
|